 Dungeon Crawl Stone Soup version 0.31.0-12-g77e489cdc1 (webtiles) character file.

Game seed: 10742769726002131320

918 PriceMaster the Slasher (level 7, -4/61 HPs)
             Began as a Minotaur Fighter on Feb 16, 2024.
             Was a Believer of Okawaru.
             Slain by Duvessa
             ... wielding a +0 short sword
              (8 damage)
             ... on level 5 of the Dungeon.
             The game lasted 00:04:37 (3929 turns).

PriceMaster the Slasher (Minotaur Fighter)          Turns: 3929, Time: 00:04:37

Health: -4/61      AC: 11    Str: 20    XL:     7   Next: 83%
Magic:  4/6        EV: 12    Int:  5    God:    Okawaru [**....]
Gold:   296        SH:  6    Dex: 12    Spells: 6/6 levels left

rFire   . . .        a - +0 long sword
rCold   . . .        c - +0 buckler
rNeg    . . .        f - +1 scale mail
rPois   .            (helmet restricted)
rElec   .            d - scarf {harm}
rCorr   +            i - +0 pair of gloves
SInv    .            (no boots)
Will    .....        v - amulet of faith
Stlth   +            o - ring of resist corrosion
HPRegen 0.30/turn    (no ring)
MPRegen 0.10/turn

%: harm (+30% outgoing, +20% incoming), faith
@: lit by a corona, heroic, attractive, glowing
A: horns 2, retaliatory headbutt
a: Renounce Religion, Heroism


You were on level 5 of the Dungeon.
You worshipped Okawaru.
Okawaru was pleased with you.
You visited 1 branch of the dungeon, and saw 5 of its levels.

You collected 296 gold pieces.

Inventory:

Hand Weapons
 a - a +0 long sword (weapon)
Missiles
 h - 5 poisoned darts
Armour
 b - a +0 scale mail
 c - a +0 buckler (worn)
 d - a scarf of harm (worn)
 f - a +1 scale mail (worn)
 i - a +0 pair of gloves (worn)
Jewellery
 o - a ring of resist corrosion (left hand)
 v - an amulet of faith (around neck)
Scrolls
 e - a scroll of fear
 g - a scroll of teleportation
 n - 2 scrolls of poison
 p - a scroll of fog
 r - 2 scrolls of immolation {unknown}
 s - a scroll of revelation {unknown}
Potions
 k - a potion of degeneration
 t - a potion of cancellation


   Skills:
 + Level 5.2(10.2) Fighting
 + Level 7.3(12.3) Long Blades
 + Level 2.1(7.1) Throwing
 + Level 6.2(11.2) Armour
 + Level 1.7(6.7) Dodging
 + Level 1.0(6.0) Stealth
 + Level 4.7(9.7) Shields
 + Level 0.1 Invocations


You had 6 spell levels left.
You didn't know any spells.
Your spell library contained the following spells:

 Spells                   Type           Power      Damage    Failure   Level
 Apportation              Tloc           0%         N/A       82%         1
 Jinxbite                 Hex            0%         N/A       91%         2
 Frozen Ramparts          Ice            0%         1d1       99%         3
 Leda's Liquefaction      Alch/Erth      0%         N/A       100%        4
 Petrify                  Alch/Erth      0%         N/A       100%        4
 Alistair's Intoxication  Alch           0%         N/A       100%        5
 Metabolic Englaciation   Hex/Ice        0%         N/A       100%        5


Dungeon Overview and Level Annotations

Branches:
Dungeon (5/15)             Temple (0/1) D:5

Altars:
Gozag
Okawaru

Shops:
D:4 (

Annotations:
D:5 Duvessa


Innate Abilities, Weirdness & Mutations

You have a pair of horns on your head.
You reflexively headbutt those who attack you in melee.


Message History

You hear a distant scream of rage.
No target in view!
No target in view!
No target in view!
No target in view!
No target in view!
No target in view!
No target in view!
No target in view!
Unknown command.
Duvessa, Sister of Dowan comes into view.
She is wielding a +0 short sword.
Duvessa is nearby!
Duvessa is nearby!
You aren't carrying any items that you can evoke.
You gain the combat prowess of a mighty hero.
Duvessa shouts!
Duvessa goes berserk!
Duvessa rages.
You hit Duvessa but do no damage. Duvessa hits you with a +0 short sword.
You hit Duvessa but do no damage. Duvessa hits you with a +0 short sword!
* * * LOW HITPOINT WARNING * * *
You are too injured to fight recklessly!
It was a potion of attraction.
You feel attractive to monsters. Duvessa hits you with a +0 short sword.
* * * LOW HITPOINT WARNING * * *
Duvessa hits you with a +0 short sword.
* * * LOW HITPOINT WARNING * * *
You closely miss Duvessa. You headbutt Duvessa.
Duvessa is lightly wounded.
Duvessa misses you.
You slash Duvessa!
Duvessa is moderately wounded.
Duvessa hits you with a +0 short sword.
* * * LOW HITPOINT WARNING * * *
You aren't carrying any items that you can evoke.
You closely miss Duvessa.
Duvessa is moderately wounded.
Duvessa hits you with a +0 short sword!
You die...

.# .### .#
..# . .####
###.##### ..
....#
#.......# .#
....#
#.......# ..#
....#
#.).....#...#
....#
#...........#
....#
#........#...
...[###
#....@...#
......#
#....e..##
###...####
####..>..#
#....(.....
........
#.#...####.
###....###
#.#...#
.....#
..#...#
#....#
#.#####
#....# #.#


You could see Duvessa (berserk).

Vanquished Creatures
  The ghost of dogverified the Poker, an amateur GnCA of Ignis (D:4)
  A wyvern (D:5)
  3 scorpions (D:4)
  Dowan (D:5)
  2 hounds
  3 orc priests
  An orc wizard (D:5)
  5 adders
  2 ufetubi (D:5)
  2 ribbon worms (D:2)
  4 dart slugs
  14 orcs
  7 endoplasms
  2 giant cockroaches
  2 goblins
  11 hobgoblins
  3 jackals (D:2)
  6 quokkas
  6 ball pythons
  4 bats (D:1)
  2 frilled lizards
  5 kobolds
  8 rats
95 creatures vanquished.

Notes
Turn   | Place    | Note
-------+----------+-------------------------------------------
     0 | D:1      | PriceMaster the Minotaur Fighter began the quest for the
                  | Orb.
     0 | D:1      | Reached XP level 1. HP: 19/19 MP: 0/0
   119 | D:1      | Reached XP level 2. HP: 27/27 MP: 1/1
   288 | D:1      | Found a faded altar of an unknown god.
   404 | D:1      | Prayed at the altar of an unknown god.
   404 | D:1      | Became a worshipper of Warmaster Okawaru
   404 | D:1      | Reached * piety under Okawaru
   488 | D:1      | Reached skill level 3 in Long Blades
   675 | D:1      | Reached XP level 3. HP: 33/33 MP: 2/2
  1147 | D:2      | Reached skill level 1 in Dodging
  1807 | D:3      | Reached XP level 4. HP: 37/40 MP: 3/3
  2326 | D:4      | Found Namof's Weapon Shop.
  2533 | D:4      | Noticed a scorpion
  2537 | D:4      | Killed a scorpion
  2538 | D:4      | Reached skill level 4 in Long Blades
  2538 | D:4      | Reached skill level 1 in Throwing
  2538 | D:4      | Reached XP level 5. HP: 46/46 MP: 4/4
  2736 | D:4      | Reached skill level 5 in Long Blades
  3061 | D:4      | Reached XP level 6. HP: 52/52 MP: 5/5
  3283 | D:4      | Found a runed translucent gate.
  3283 | D:4      | Noticed dogverified's ghost (amateur GnCA)
  3284 | D:4      | Found a runed translucent gate.
  3286 | D:4      | Found a runed translucent gate.
  3288 | D:4      | Identified the +3 dagger of the Hidden Vale {freeze, rN+
                  | Will+ Dex+3}
  3455 | D:4      | Killed dogverified's ghost
  3455 | D:4      | Reached ** piety under Okawaru
  3456 | D:4      | Reached skill level 6 in Long Blades
  3456 | D:4      | Reached skill level 5 in Armour
  3456 | D:4      | Reached XP level 7. HP: 23/60 MP: 6/6
  3556 | D:5      | Entered Level 5 of the Dungeon
  3566 | D:5      | Noticed a wyvern
  3571 | D:5      | Killed a wyvern
  3572 | D:5      | Reached skill level 5 in Fighting
  3572 | D:5      | Reached skill level 7 in Long Blades
  3614 | D:5      | Found an opulent altar of Gozag.
  3658 | D:5      | Found a staircase to the Ecumenical Temple.
  3686 | D:5      | Reached skill level 1 in Stealth
  3892 | D:5      | Noticed Dowan
  3914 | D:5      | Killed Dowan
  3922 | D:5      | Noticed Duvessa
  3929 | D:5      | Slain by Duvessa

Illustrated notes

Levels and vault maps discovered:
D:1:      roderic_crossed_star, layout_loops_ring,
          shapermc_ecumenical_altar_totnotflames
D:2:      layout_basic, chequers_hall_statues_wall_a
D:3:      layout_rooms, st_stairs_11, chequers_avenue
D:4:      layout_loops_corners, serial_shops, shop, biasface_ghost_orc_armoury
D:5:      layout_basic, nicolae_gozag_seed_capital, old_standard_altar,
          minmay_temple_entry_glassed_door, uniq_duvessa, uniq_ijyb

Skill      XL: |  1  2  3  4  5  6  7 |
---------------+----------------------+-----
Shields        | 4 |  4.7
Armour         | 4 5 6 |  6.2
Long Blades    | 3 4 5 6 7 |  7.3
Dodging        | 1 |  1.7
Fighting       | 4 5 |  5.2
Throwing       | 1 2 |  2.1
Stealth        | 1 |  1.0
Invocations    | |  0.1

Action                     |  1- 3 |  4- 6 |  7- 9 || total
---------------------------+-------+-------+-------++-------
  Melee: Long sword        |    89 |    62 |    57 ||   208
         Headbutt          |    11 |     7 |    10 ||    28
  Throw: Dart              |    15 |    22 |       ||    37
 Invoke: Heroism           |       |     1 |     1 ||     2
    Use: Potion            |       |     3 |     4 ||     7
         Scroll            |       |       |     7 ||     7
   Stab: Invisible         |       |       |     2 ||     2
 Armour: Scale mail        |    62 |    50 |    50 ||   162
  Dodge: Dodged            |    33 |    24 |    26 ||    83
  Block: Buckler           |    18 |    12 |    13 ||    43
